[Event "Late-Titled-Tuesday-Blitz-November-28-2023"]
[Site "Chess.com"]
[Date "2023.11.28"]
[Round "7"]
[White "Mikhail_Golubev"]
[Black "mind1mover"]
[Result "0-1"]
[WhiteElo "2591"]
[BlackElo "2760"]
[TimeControl "180+1"]
[EndTime "15:17:33 PST"]
[Termination "mind1mover won on time"]

1. e4 Nc6 2. Nf3 d6 3. d4 Nf6 4. Nc3 g6 5. d5 Nb8 6. Be2 Bg7 7. h3 O-O 8. O-O c6 9. Re1 b6 10. dxc6 Nxc6 11. Be3 Bb7 12. Nd4 Rc8 13. Nb3 Ne5 14.
f3 a6 15. Qd2 b5 16. a3 Nfd7 17. Rad1 Nb6 18. Bd4 Nec4 19. Qc1 Bxd4+ 20. Rxd4 Qc7 21. Nd5 Nxd5 22. exd5 Nb6 23. Qh6 e5 24. dxe6 fxe6 25. Bd3 e5 26. Rh4 Qg7 27. Qe3 Nd5 28. Qh6 Qxh6 29. Rxh6 Nf4 30. Re3 Nh5 31. Rxh5 gxh5 32. c3 h4 33. Nd2 Rce8 34. Ne4 Rd8 35. Nf2 Kg7 36. Re1 h5 37. Bc2 Rfe8 38. Nd3 a5 39. Kf2 Rf8 40. Kg1 Rde8 41. Nf2 d5 42. Rd1 Bc6 43. Re1 Re7 44. Nd1 Rfe8 45. Ne3 Kf6 46. Nf5 Rc7 47. Nxh4 b4 48. axb4 axb4 49. cxb4 Bb5 50.
Bd1 Rg8 51. g4 Rc1 52. Ng2 d4 53. Kf2 hxg4 54. hxg4 Rb1 55. Kg3 d3 56. Rh1 d2 57.
Ne3 Rxb2 58. Rh6+ Kf7 59. Rb6 Bd7 60. Rb7 Rd8 61. b5 Ke6 62. Rb6+ Ke7 63. Nd5+ Kf8 64.
Rf6+ Kg7 65. Rd6 Rxb5 66. Nc7 Rbb8 67. Rxd2 Bxg4 68. Rxd8 Rxd8 69. Kxg4 Rxd1 70. Kf5 Rf1 71. Ne6+ Kf7 72. Ng5+ Kg7 73. Kxe5 Kg6 74. f4 Re1+ 75. Ne4 Rf1 76. Ke6 Rxf4 77. Ke5 Rf8 78. Nd6 Ra8 79. Kd5 Ra5+ 80. Kd4 Kf6 81. Ne4+ Kf5 82. Nc5 Kf4 83. Kd5 Ke3 84. Kd6 Kf4 85. Kc6 Ra1 86.
Ne6+ Ke5 87. Nc5 Rc1 88. Kb6 Kd6 89. Nb7+ Kd5 90. Ka6 Rb1 91. Na5 Kd6 92. Nb7+ Kd7 93. Na5 Kc7 94. Ka7 Rb2 95. Ka6 Rb8 96. Ka7 Rh8 97.
Ka6 Rh5 0-1

[Event "Late-Titled-Tuesday-Blitz-November-28-2023"]
[Site "Chess.com"]
[Date "2023.11.28"]
[Round "7"]
[White "Rakitic2010"]
[Black "Alexei_Gubajdullin"]
[Result "1-0"]
[WhiteElo "2484"]
[BlackElo "2648"]
[TimeControl "180+1"]
[EndTime "15:17:43 PST"]
[Termination "Rakitic2010 won by checkmate"]

1. e4 g6 2. d4 Bg7 3. h4 h6 4.
Nc3 d6 5. Be3 Nf6 6. f3 Nc6 7.
Qd2 e5 8. d5 Nd4 9. Nge2 Nxe2 10. Bxe2 Nh5 11. O-O-O Ng3 12. Rh2 h5 13. Bg5 f6 14.
Be3 Kf7 15. Bd3 Qf8 16. Qf2 Bh6 17. Re1 Bxe3+ 18. Rxe3 Qh6 19. Kd2 Qf4 20. Nb5 Nxe4+ 21. Bxe4 Qxh2 22. Nxc7 Bd7 23. Nxa8 Rxa8 24. Rc3 f5 25. Rc7 Ke8 26. Bd3 Qf4+ 27. Kd1 e4 28. Qd4 Qe5 29. Qxe5+ dxe5 30. fxe4 b6 31. Ke2 Kd8 32.
d6 f4 33. Bc4 a5 34. Bf7 b5 35. Bxg6 Ra6 36. Bxh5 Rxd6 37. Rc5 Rh6 38. Bf3 Rxh4 39. Rxe5 Kc7 40. Rc5+ Kd6 41. Rd5+ Ke7 42. a4 bxa4 43. Rxa5 Rh1 44. Ra7 Kd8 45. b3 axb3 46. cxb3 Rb1 47. Rb7 Bc6 48. Rb4 Rb2+ 49. Ke1 Kc7 50. e5 Bd7 51.
Rc4+ Kd8 52. b4 Rb3 53. Rxf4 Re3+ 54. Kf2 Rxe5 55. Rd4 Ke7 56. Re4 Kd6 57. Rxe5 Kxe5 58. Ke3 Bb5 59. Be4 Bc4 60. g4 Bb5 61. g5 Be8 62. g6 Kf6 63. Kd4 Bd7 64. Kc5 Be6 65. b5 Bg4 66. Kd6 Be2 67. b6 Ba6 68. Kc7 Kg7 69.
b7 Bxb7 70. Kxb7 Kf6 71. Kc7 Ke5 72. g7 Kxe4 73. Kd8 Kf5 74. Ke8 Kf6 75. g8=Q Ke5 76. Qf8 Ke4 77. Qe7+ Kd4 78. Qd7+ Ke5 79. Kd8 Kf6 80.
Qd5 Kg7 81. Qe6 Kf8 82. Qh6+ Kf7 83. Qg5 Kf8 84. Kd7 Kf7 85. Kd6 Kf8 86. Kd5 Kf7 87. Kd4 Ke6 88. Ke4 Kd6 89. Kf4 Ke6 90.
Qg6+ Ke7 91. Ke5 Kd7 92. Qh7+ Ke8 93. Kf6 Kd8 94. Qg7 Kc8 95. Ke6 Kb8 96. Qf7 Ka8 97. Kd6 Kb8 98. Qe7 Kc8 99. Qd7+ Kb8 100. Kc6 Ka8 101. Kb6 Kb8 102. Qc7+ Ka8 103. Qc6+ Kb8 104. Qc1 Ka8 105. Qa1+ Kb8 106. Qh8# 1-0

[Event "Late-Titled-Tuesday-Blitz-November-28-2023"]
[Site "Chess.com"]
[Date "2023.11.28"]
[Round "8"]
[White "Zampronha1971"]
[Black "Bryanl106"]
[Result "0-1"]
[WhiteElo "2402"]
[BlackElo "2512"]
[TimeControl "180+1"]
[EndTime "15:19:50 PST"]
[Termination "Bryanl106 won by resignation"]

1. e4 e5 2. Nf3 Nc6 3. d4 exd4 4.
Nxd4 Bb4+ 5. c3 Bc5 6. Nxc6 bxc6 7. Bd3 Nf6 8. e5 Qe7 9. O-O Nd5 10. Qg4 Qxe5 11.
Bd2 O-O 12. Na3 d6 13. Nc4 Bxg4 14. Nxe5 dxe5 0-1

[Event "Late-Titled-Tuesday-Blitz-November-28-2023"]
[Site "Chess.com"]
[Date "2023.11.28"]
[Round "8"]
[White "whitemirrorninja"]
[Black "lluiss"]
[Result "1-0"]
[WhiteElo "2518"]
[BlackElo "2208"]
[TimeControl "180+1"]
[EndTime "15:19:58 PST"]
[Termination "whitemirrorninja won by resignation"]

1. f4 c5 2. Nf3 d6 3. e4 g6 4. d4 cxd4 5. Qxd4 Nf6 6. e5 dxe5 7. Qxd8+ Kxd8 8. Nxe5 Be6 9. Nc3 Nfd7 10. Nf3 Bg7 11.
Ng5 Nf8 12. Be3 h6 13. O-O-O+ Nbd7 14. Nxe6+ Nxe6 15. Bb5 Nf8 16. Rxd7+ Nxd7 17. Rd1 1-0

[Event "Late-Titled-Tuesday-Blitz-November-28-2023"]
[Site "Chess.com"]
[Date "2023.11.28"]
[Round "8"]
[White "Mariia89"]
[Black "maurovargas01"]
[Result "1-0"]
[WhiteElo "2153"]
[BlackElo "1832"]
[TimeControl "180+1"]
[EndTime "15:20:21 PST"]
[Termination "Mariia89 won by resignation"]

1. d4 d5 2. c4 c6 3. e3 Bf5 4.
Nc3 e6 5. Nf3 Bd6 6. Bd3 dxc4 7.
Bxf5 exf5 8. Qc2 b5 9. Qxf5 Nf6 10. O-O O-O 11. e4 Bc7 12. Bg5 Nbd7 13. e5 Nd5 14.
Bxd8 Bxd8 1-0

[Event "Late-Titled-Tuesday-Blitz-November-28-2023"]
[Site "Chess.com"]
[Date "2023.11.28"]
[Round "8"]
[White "andrzej"]
[Black "DefiantChair"]
[Result "1-0"]
[WhiteElo "2478"]
[BlackElo "2587"]
[TimeControl "180+1"]
[EndTime "15:21:34 PST"]
[Termination "andrzej won by checkmate"]

1. e4 c5 2. Nf3 d6 3. d4 cxd4 4. Nxd4 Nf6 5. Nc3 a6 6. Be3 e5 7.
Nb3 Be7 8. h3 b5 9. Qf3 Bb7 10.
O-O-O Nbd7 11. g4 h6 12. h4 Rc8 13. Nd5 Nxd5 14. exd5 Qc7 15. Bd3 a5 16. Kb1 a4 17.
Na1 b4 18. g5 a3 19. b3 Qc3 20. Bc1 Nb6 21. g6 f6 22. Bb5+ Kd8 23. Qf5 Qc5 24. Bc6 Bxc6 25. dxc6 Nd5 26. Qd7# 1-0

[Event "Late-Titled-Tuesday-Blitz-November-28-2023"]
[Site "Chess.com"]
[Date "2023.11.28"]
[Round "8"]
[White "koncheto"]
[Black "Zavgorodniy_Sergiy"]
[Result "1/2-1/2"]
[WhiteElo "2526"]
[BlackElo "2650"]
[TimeControl "180+1"]
[EndTime "15:21:41 PST"]
[Termination "Game drawn by agreement"]

1. e4 c6 2. d4 d5 3. Nc3 dxe4 4.
Nxe4 Bf5 5. Ng3 Bg6 6. Nf3 Nd7 7. h4 h6 8. h5 Bh7 9. Bd3 Bxd3 10. Qxd3 e6 11. Bd2 Ngf6 12. O-O-O Be7 13. Qe2 O-O 14. Kb1 c5 15. d5 Nxd5 16. Ne4 Qc7 17. g4 Nf4 18.
Qe3 Nd5 19. Qe2 N7f6 20. g5 hxg5 21. h6 g6 22. Nfxg5 Nh7 23. c4 Ndf6 1/2-1/2

[Event "Late-Titled-Tuesday-Blitz-November-28-2023"]
[Site "Chess.com"]
[Date "2023.11.28"]
[Round "8"]
[White "NCchamp"]
[Black "DanylaBagrov"]
[Result "0-1"]
[WhiteElo "2376"]
[BlackElo "2596"]
[TimeControl "180+1"]
[EndTime "15:21:52 PST"]
[Termination "DanylaBagrov won by resignation"]

1. e4 d6 2. d4 Nf6 3. Nc3 e5 4. Bg5 Nbd7 5. Nf3 Be7 6. Bc4 O-O 7. Qd2 c6 8. O-O-O b5 9. Bb3 b4 10. Ne2 Nxe4 11. Bxe7 Qxe7 12. Qe3 d5 13. dxe5 Nxe5 14. Nxe5 Qxe5 15. f3 Qg5 16. Nf4 Nf2 17. Qxf2 Qxf4+ 18. Kb1 a5 19. Rd4 Qf6 20. Ba4 Bb7 21. Qg3 Qxd4 0-1

[Event "Late-Titled-Tuesday-Blitz-November-28-2023"]
[Site "Chess.com"]
[Date "2023.11.28"]
[Round "8"]
[White "morte-negra"]
[Black "C_K_G"]
[Result "0-1"]
[WhiteElo "2003"]
[BlackElo "2177"]
[TimeControl "180+1"]
[EndTime "15:21:52 PST"]
[Termination "C_K_G won by resignation"]

1. e4 c5 2. Nf3 d6 3. d4 cxd4 4. Nxd4 Nf6 5. Nc3 a6 6. Rg1 e5 7.
Nb3 h5 8. h3 h4 9. Be3 Be7 10.
Be2 Be6 11. Qd2 Nbd7 12. O-O-O Qc7 13. g4 hxg3 14. Rxg3 g6 15. Bg5 b5 16. Kb1 b4 17.
Nd5 Bxd5 18. exd5 Ne4 19. Qe3 Nxg5 20. Rxg5 Bxg5 21. Qxg5 Rxh3 22. Bg4 Rh2 23. f4 Qxc2+ 0-1

[Event "Late-Titled-Tuesday-Blitz-November-28-2023"]
[Site "Chess.com"]
[Date "2023.11.28"]
[Round "8"]
[White "PNEPaul"]
[Black "expii"]
[Result "0-1"]
[WhiteElo "1861"]
[BlackElo "2233"]
[TimeControl "180+1"]
[EndTime "15:21:54 PST"]
[Termination "expii won by resignation"]

1. e4 c5 2. d4 cxd4 3. c3 dxc3 4. Nxc3 d6 5. Nf3 Nc6 6. Bc4 e6 7. O-O Nf6 8. Qe2 e5 9. h3 Be7 10. Rd1 h6 11. a3 a6 12. b4 O-O 13. Be3 Be6 14.
Bxe6 fxe6 15. Rac1 Rc8 16. Nh4 Qe8 17. Bb6 Nd7 0-1

[Event "Late-Titled-Tuesday-Blitz-November-28-2023"]
[Site "Chess.com"]
[Date "2023.11.28"]
[Round "8"]
[White "liwadas82"]
[Black "DvaHrasta"]
[Result "0-1"]
[WhiteElo "2372"]
[BlackElo "2497"]
[TimeControl "180+1"]
[EndTime "15:21:56 PST"]
[Termination "DvaHrasta won by resignation"]

1. e4 c6 2. Nf3 d5 3. Nc3 Nf6 4. e5 Ne4 5. Ne2 Qb6 6. d4 f6 7. exf6 exf6 8. Ng3 Bg4 9. c3 Bd6 10. Bd3 Bxg3 11. hxg3 Nd7 12. Qc2 O-O-O 13. Be3 Rde8 14. O-O-O Nxg3 15. Rh4 h5 16. Bg6 Re7 17. Bf4 Ne2+ 18. Kb1 Nxf4 19. Rdh1 Re2 20. Qb3 Qxb3 21. axb3 Nxg6 0-1

[Event "Late-Titled-Tuesday-Blitz-November-28-2023"]
[Site "Chess.com"]
[Date "2023.11.28"]
[Round "8"]
[White "Dontmesswithme_2"]
[Black "NotFischer"]
[Result "0-1"]
[WhiteElo "2452"]
[BlackElo "2360"]
[TimeControl "180+1"]
[EndTime "15:21:57 PST"]
[Termination "NotFischer won by resignation"]

1. d4 d5 2. c4 e6 3. Nf3 Nf6 4. g3 Be7 5. Bg2 O-O 6. O-O dxc4 7. Qc2 a6 8. a4 Bd7 9. Qxc4 Bc6 10. Bf4 Nbd7 11.
Nc3 Nb6 12. Qd3 Nbd5 13. Bg5 Nxc3 14. bxc3 Be4 15. Qe3 Bd5 16. Rab1 c5 17. dxc5 Rc8 18. Rfd1 Qc7 19. Ne5 Bxg2 20. Kxg2 Bxc5 21. Qf4 Nd5 22.
Qe4 Nxc3 23. Qe3 Bxe3 0-1

[Event "Late-Titled-Tuesday-Blitz-November-28-2023"]
[Site "Chess.com"]
[Date "2023.11.28"]
[Round "8"]
[White "melissa_guez"]
[Black "dianamirza"]
[Result "1-0"]
[WhiteElo "2242"]
[BlackElo "2026"]
[TimeControl "180+1"]
[EndTime "15:22:18 PST"]
[Termination "melissa_guez won by resignation"]

1. e4 d5 2. exd5 Qxd5 3. Nf3 Qd8 4. d4 Nf6 5. c4 Bg4 6. Be2 c6 7. Nc3 e6 8. h3 Bh5 9. O-O Bd6 10. Be3 O-O 11. Qd2 Bg6 12. Rad1 Nbd7 13. Nh2 Ne4 14. Nxe4 Bxe4 15. h4 Qc7 16. f4 Nf6 17. g4 c5 18.
g5 Nd7 19. b4 b6 20. dxc5 bxc5 21. Qxd6 Qxd6 22. Rxd6 Rfd8 23. bxc5 Rac8 24. Rfd1 1-0

[Event "Late-Titled-Tuesday-Blitz-November-28-2023"]
[Site "Chess.com"]
[Date "2023.11.28"]
[Round "8"]
[White "Alexei_Gubajdullin"]
[Black "Actuary44"]
[Result "0-1"]
[WhiteElo "2636"]
[BlackElo "2479"]
[TimeControl "180+1"]
[EndTime "15:22:43 PST"]
[Termination "Actuary44 won by resignation"]

1. d4 Nf6 2. Nf3 g6 3. Bf4 Bg7 4. e3 d6 5. Be2 O-O 6. O-O Nfd7 7. h3 Nc6 8. Bh2 e5 9. c4 f5 10. Nc3 e4 11. Nd2 g5 12. Rb1 Ne7 13. b4 Nf6 14.
Qb3 c6 15. c5+ d5 16. b5 Kh8 17. Bd6 Ne8 18. b6 Nxd6 19. cxd6 Qxd6 20. Na4 f4 21. Rfc1 fxe3 22. Qxe3 axb6 23. Nxb6 Rxa2 24. Bg4 Bxg4 25. hxg4 Qf4 26. Rd1 Qxg4 27. Rf1 Nf5 28. Qe1 Bxd4 29.
Nd7 Nh4 0-1

[Event "Late-Titled-Tuesday-Blitz-November-28-2023"]
[Site "Chess.com"]
[Date "2023.11.28"]
[Round "8"]
[White "ChessSwole"]
[Black "jefferyx"]
[Result "0-1"]
[WhiteElo "2701"]
[BlackElo "2985"]
[TimeControl "180+1"]
[EndTime "15:22:47 PST"]
[Termination "jefferyx won by resignation"]

1. e4 c5 2. Nf3 d6 3. d4 cxd4 4. Nxd4 Nf6 5. Nc3 a6 6. Qe2 g6 7. Bg5 Bg7 8. O-O-O O-O 9. e5 dxe5 10. Ne6 Bxe6 11. Rxd8 Rxd8 12. f3 Nc6 13. Qf2 Rac8 14. a3 b5 15. Qb6 Nd4 16. Bd3 Nd7 17. Qa5 Nc5 18. Kb1 Nc6 19. Qb6 Nxd3 20. cxd3 h6 21. Bc1 Rxd3 22. Qxa6 Nd4 23. Nxb5 Bf5 24. Nxd4 Rxd4+ 25.
Ka1 Rc2 26. g4 Be6 27. Be3 Rdc4 28. h4 e4 0-1

[Event "Late-Titled-Tuesday-Blitz-November-28-2023"]
[Site "Chess.com"]
[Date "2023.11.28"]
[Round "8"]
[White "LaGuayabaAlbizuista"]
[Black "KorolDimitriy75"]
[Result "0-1"]
[WhiteElo "1989"]
[BlackElo "2292"]
[TimeControl "180+1"]
[EndTime "15:22:50 PST"]
[Termination "KorolDimitriy75 won on time"]

1. e4 c5 2. Nf3 d6 3. d4 cxd4 4. Nxd4 Nf6 5. Nc3 g6 6. Be3 Bg7 7. f3 O-O 8. Qd2 Nc6 9. O-O-O d5 10. Nxc6 bxc6 11. exd5 Nxd5 12. Nxd5 cxd5 13. Qxd5 Rb8 14. c3 Qc7 15. Qc5 Qb7 16. Rd2 Bf5 17. Bc4 Bxc3 18.
b3 Rfc8 19. Qd5 Bxd2+ 20. Qxd2 Rxc4+ 0-1

[Event "Late-Titled-Tuesday-Blitz-November-28-2023"]
[Site "Chess.com"]
[Date "2023.11.28"]
[Round "8"]
[White "Alimpic"]
[Black "KVAIDAN"]
[Result "0-1"]
[WhiteElo "2483"]
[BlackElo "2391"]
[TimeControl "180+1"]
[EndTime "15:22:54 PST"]
[Termination "KVAIDAN won by resignation"]

1. d4 e6 2. c4 f5 3. Nf3 Nf6 4.
g3 d6 5. Bg2 Be7 6. O-O O-O 7.
Nc3 a5 8. Qc2 Nc6 9. e4 Nb4 10.
Qb1 fxe4 11. Nxe4 Nxe4 12. Qxe4 e5 13. dxe5 Bf5 14. Qe2 Nc2 15. Bf4 Nxa1 16. Rxa1 Bg4 17. exd6 Bxd6 18. Rd1 Qf6 19. Bxd6 cxd6 20. Rd3 Rae8 21.
Qd1 Qxb2 22. h3 Bxf3 23. Bxf3 Kh8 24. Rd2 Qb4 25. Bd5 b5 26. cxb5 Qxb5 27. Kg2 Qc5 28. Qh5 Re5 0-1

[Event "Late-Titled-Tuesday-Blitz-November-28-2023"]
[Site "Chess.com"]
[Date "2023.11.28"]
[Round "8"]
[White "kingofthenil"]
[Black "Dr_crypt"]
[Result "1-0"]
[WhiteElo "2700"]
[BlackElo "2408"]
[TimeControl "180+1"]
[EndTime "15:22:59 PST"]
[Termination "kingofthenil won by resignation"]

1. e4 e5 2. Bc4 Nf6 3. d3 c6 4. Nf3 d5 5. Bb3 Bd6 6. O-O O-O 7. Bg5 h6 8. Bxf6 Qxf6 9. exd5 Bg4 10. Nbd2 cxd5 11.
Bxd5 Nc6 12. h3 Bh5 13. Ne4 Qd8 14. Ng3 Bg6 15. c3 Bc7 16. Bc4 Na5 17. Re1 Re8 18. Bb5 Re7 19. b4 a6 20. Ba4 Nc6 21. Bc2 Rd7 22.
Ne4 Bb6 23. Qe2 Rc8 24. Rad1 f5 25. Nc5 Bxc5 26. bxc5 Rd5 27. Bb3 Kh7 28. Bxd5 Qxd5 29. Nxe5 Qxc5 30. Nxg6 Kxg6 31. Qe6+ 1-0

[Event "Late-Titled-Tuesday-Blitz-November-28-2023"]
[Site "Chess.com"]
[Date "2023.11.28"]
[Round "8"]
[White "Ellaijio_B"]
[Black "GHANDEEVAM2003"]
[Result "0-1"]
[WhiteElo "2778"]
[BlackElo "3118"]
[TimeControl "180+1"]
[EndTime "15:23:04 PST"]
[Termination "GHANDEEVAM2003 won by resignation"]

1. d4 g6 2. Nf3 Bg7 3. g3 c5 4. d5 Nf6 5. c4 b5 6. cxb5 a6 7. bxa6 O-O 8. Nc3 Qa5 9. Bg2 Nxd5 10. Qxd5 Bxc3+ 11. Kf1 Bg7 12. Qxa8 Nc6 13. Bd2 Qb6 14. Bh3 Bxa6 15. Qxf8+ Kxf8 16. Bxd7 Qxb2 17. Kg2 Qb7 18. Bxc6 Qxc6 19. Rab1 f5 20. Rb8+ Kf7 21. e4 Qxe4 22. Re1 Qd5 23. Bg5 e6 24. Reb1 h6 25. Be3 g5 26. R1b6 Be2 27. R6b7+ Kg6 28. Kg1 Qd1+ 0-1

[Event "Late-Titled-Tuesday-Blitz-November-28-2023"]
[Site "Chess.com"]
[Date "2023.11.28"]
[Round "8"]
[White "grandemestregringo"]
[Black "rdarruda"]
[Result "1-0"]
[WhiteElo "2653"]
[BlackElo "2515"]
[TimeControl "180+1"]
[EndTime "15:23:10 PST"]
[Termination "grandemestregringo won by checkmate"]

1. f4 d5 2. Nf3 Nf6 3. e3 c6 4. b3 g6 5. Bb2 Bg7 6. Be2 O-O 7.
O-O Nbd7 8. Qc1 Nc5 9. Nc3 Nce4 10. Nd1 Bg4 11. d3 Nd6 12. Nf2 Bc8 13. Ne5 Nf5 14.
Nf3 Qb6 15. d4 Nd6 16. c4 Nde4 17. c5 Qc7 18. Nd3 Bf5 19. Nfe5 Rac8 20. g4 Bd7 21.
Qe1 b6 22. b4 bxc5 23. bxc5 Rb8 24. Rc1 Ne8 25. Rc2 Bc8 26. Qh4 Ba6 27. Rf3 f6 28. Rh3 fxe5 29. Qxh7+ Kf7 30. Nxe5+ Ke6 31. Qxg6+ Rf6 32.
f5# 1-0

[Event "Late-Titled-Tuesday-Blitz-November-28-2023"]
[Site "Chess.com"]
[Date "2023.11.28"]
[Round "8"]
[White "vladgoncharov"]
[Black "szachmistrz2500"]
[Result "1-0"]
[WhiteElo "2624"]
[BlackElo "2481"]
[TimeControl "180+1"]
[EndTime "15:23:16 PST"]
[Termination "vladgoncharov won by resignation"]

1. d4 d5 2. c4 c6 3. Nf3 Nf6 4. e3 Bg4 5. Nc3 e6 6. h3 Bxf3 7. Qxf3 Nbd7 8. Bd3 Be7 9. O-O O-O 10. e4 dxe4 11. Nxe4 Nxe4 12. Bxe4 Nf6 13. Rd1 Nxe4 14. Qxe4 Bf6 15. Be3 Qd6 16. Rd2 b5 17. b3 bxc4 18.
bxc4 Rab8 19. g4 a5 20. Bf4 Qb4 21. g5 Be7 22. Rc1 Rbc8 23. h4 Rfd8 24. h5 Qa3 25.
Rd3 Qxa2 26. g6 hxg6 27. hxg6 Bf6 28. Kg2 c5 29. d5 exd5 30. Rxd5 fxg6 31. Qe6+ Kf8 32.
Rh1 1-0

[Event "Late-Titled-Tuesday-Blitz-November-28-2023"]
[Site "Chess.com"]
[Date "2023.11.28"]
[Round "8"]
[White "FuenfgegenWilly"]
[Black "emeli_chess"]
[Result "1-0"]
[WhiteElo "2490"]
[BlackElo "2366"]
[TimeControl "180+1"]
[EndTime "15:23:18 PST"]
[Termination "FuenfgegenWilly won by resignation"]

1. e4 e5 2. Nc3 Nf6 3. f4 d5 4. fxe5 Nxe4 5. Nf3 Nxc3 6. bxc3 Be7 7. d4 O-O 8. Bd3 f6 9. O-O Nc6 10. Qe1 fxe5 11.
dxe5 Bf5 12. Qg3 Bxd3 13. cxd3 g6 14. Bh6 Rf5 15. h4 Bf8 16. Bg5 Qd7 17. d4 Nd8 18. h5 Ne6 19. hxg6 hxg6 20. Bf6 Qf7 21. Nh4 Rxf1+ 22.
Rxf1 Kh7 23. Bg5 Qe8 24. Rf6 Bh6 25. Bxh6 Kxh6 26. Rxg6+ Kh7 27. Qg4 1-0

[Event "Late-Titled-Tuesday-Blitz-November-28-2023"]
[Site "Chess.com"]
[Date "2023.11.28"]
[Round "8"]
[White "SergioMoralesG"]
[Black "Mikhail_Golubev"]
[Result "0-1"]
[WhiteElo "2375"]
[BlackElo "2595"]
[TimeControl "180+1"]
[EndTime "15:23:20 PST"]
[Termination "Mikhail_Golubev won by resignation"]

1. d4 Nf6 2. c4 g6 3. Nc3 Bg7 4. e4 d6 5. Nf3 O-O 6. Be2 e5 7. Be3 h6 8. d5 Ng4 9. Bd2 f5 10. h3 Nf6 11. Nh4 Nxe4 12. Nxe4 fxe4 13. Nxg6 Rf7 14.
O-O Bf5 15. Bh5 Qf6 16. Nxe5 dxe5 17. Bxf7+ Qxf7 18. Qb3 b6 19. c5 Nd7 20. Be3 Nxc5 21. Bxc5 bxc5 22. Rac1 Bf8 23. Rfd1 Bd6 24. Qb7 Rf8 25.
Qxa7 Bxh3 26. Rc2 Bxg2 27. Qa3 Bf3 0-1

[Event "Late-Titled-Tuesday-Blitz-November-28-2023"]
[Site "Chess.com"]
[Date "2023.11.28"]
[Round "8"]
[White "Yurasova_Daria"]
[Black "oogee"]
[Result "1-0"]
[WhiteElo "2463"]
[BlackElo "2308"]
[TimeControl "180+1"]
[EndTime "15:23:22 PST"]
[Termination "Yurasova_Daria won by checkmate"]

1. c4 g6 2. Nc3 Bg7 3. Nf3 e5 4. e4 Nc6 5. d3 d6 6. Bg5 Nge7 7. h4 h6 8. Be3 O-O 9. h5 g5 10. Qd2 f5 11. Bxg5 hxg5 12. Qxg5 Kh8 13. Nh4 Kh7 14. Ng6 Rg8 15. Nxe7 Qxe7 16. Qg6+ Kh8 17. Nd5 Qd8 18. h6 Bf8 19. Qf7 Be7 20. Be2 Rf8 21.
Qg7# 1-0

[Event "Late-Titled-Tuesday-Blitz-November-28-2023"]
[Site "Chess.com"]
[Date "2023.11.28"]
[Round "8"]
[White "Elbebiber"]
[Black "MathiasWomacka"]
[Result "0-1"]
[WhiteElo "2144"]
[BlackElo "2514"]
[TimeControl "180+1"]
[EndTime "15:23:28 PST"]
[Termination "MathiasWomacka won by resignation"]

1. d4 Nf6 2. Bg5 Ne4 3. Bf4 c5 4. Nd2 Nxd2 5. Qxd2 cxd4 6. Bxb8 Rxb8 7. Qxd4 Qa5+ 8.
Qd2 Qxd2+ 9. Kxd2 d5 10. e3 e5 11. Bb5+ Kd8 12. Nf3 f6 13. Rhd1 Kc7 14. Ke1 Be6 15. c3 Bc5 16. Ba4 Rhd8 17. Bb3 Rd6 18. Rd2 Rbd8 19. Rad1 R8d7 20. h3 b5 21. a4 b4 22.
cxb4 Bxb4 23. Ke2 Bxd2 24. Nxd2 Rb6 25. a5 Rb4 26. Rc1+ Kd8 27. Rc5 Rc7 28. Rxc7 Kxc7 29. Kd3 Kd6 30. Kc3 Kc5 31. Bc2 d4+ 32. exd4+ exd4+ 33. Kd3 Bf5+ 0-1

[Event "Late-Titled-Tuesday-Blitz-November-28-2023"]
[Site "Chess.com"]
[Date "2023.11.28"]
[Round "8"]
[White "Hilary46"]
[Black "cthulhuuu"]
[Result "1-0"]
[WhiteElo "2635"]
[BlackElo "2496"]
[TimeControl "180+1"]
[EndTime "15:23:33 PST"]
[Termination "Hilary46 won by checkmate"]

1. e4 d6 2. d4 Nf6 3. Nc3 c6 4. f4 Qb6 5. Nf3 Bg4 6. h3 Bxf3 7. Qxf3 Qxd4 8. Be3 Qb4 9. O-O-O e5 10. g4 Be7 11.
g5 Nfd7 12. f5 f6 13. Qh5+ Kd8 14. Rg1 fxg5 15. a3 Qa5 16. Bxg5 Nf6 17. Qf7 Qc5 18. Bc4 Rf8 19. Qe6 Nbd7 20. Bb3 b5 21. Rg3 Qf2 22.
Rgd3 Nc5 23. Rxd6+ Bxd6 24. Qxd6+ Nd7 25. Qxd7# 1-0

[Event "Late-Titled-Tuesday-Blitz-November-28-2023"]
[Site "Chess.com"]
[Date "2023.11.28"]
[Round "8"]
[White "Nick12772"]
[Black "jinxy2009"]
[Result "1/2-1/2"]
[WhiteElo "2373"]
[BlackElo "2279"]
[TimeControl "180+1"]
[EndTime "15:23:37 PST"]
[Termination "Game drawn by stalemate"]

1. Nf3 d5 2. g3 c6 3. Bg2 Nf6 4. O-O e6 5. d3 Bd6 6. Nbd2 O-O 7. e4 dxe4 8. dxe4 e5 9. Nc4 Bc7 10. Ncxe5 Nxe4 11. Bf4 Bf5 12. Nh4 Nd6 13. Nxf5 Nxf5 14. Qxd8 Rxd8 15. Nxf7 Kxf7 16. Bxc7 Rd7 17. Bxb8 Rxb8 18.
Bh3 g6 19. Bxf5 gxf5 20. Rad1 Rbd8 21. Rxd7+ Rxd7 22. f3 Rd2 23. Rf2 Rd1+ 24. Kg2 Kf6 25. Re2 a5 26. a4 b5 27. axb5 cxb5 28. b3 a4 29. bxa4 bxa4 30. c3 Rc1 31. Ra2 Rxc3 32. Rxa4 Rc2+ 33. Kh3 Kg6 34. Ra6+ Kg5 35. Ra7 Kg6 36.
Ra3 Rc6 37. Ra2 Rc3 38. Kg2 Rb3 39. g4 fxg4 40. fxg4 Kg5 41. h3 Kh4 42. Ra5 Rb2+ 43. Kf3 Rb3+ 44. Kg2 Rg3+ 45. Kf2 Rxh3 46. Rh5+ Kxg4 47.
Rxh3 Kxh3 48. Kg1 Kg3 49. Kh1 h5 50. Kg1 h4 51. Kh1 h3 52. Kg1 h2+ 53. Kh1 Kh3 1/2-1/2

[Event "Late-Titled-Tuesday-Blitz-November-28-2023"]
[Site "Chess.com"]
[Date "2023.11.28"]
[Round "8"]
[White "CheckThis4"]
[Black "Goffredo_Fofi"]
[Result "1-0"]
[WhiteElo "2722"]
[BlackElo "2527"]
[TimeControl "180+1"]
[EndTime "15:23:41 PST"]
[Termination "CheckThis4 won by resignation"]

1. e4 g6 2. d4 Bg7 3. Nc3 c6 4.
Be3 d5 5. Qd2 dxe4 6. Nxe4 Nf6 7. Nxf6+ exf6 8. O-O-O O-O 9. Bh6 Be6 10. h4 Bxh6 11.
Qxh6 Nd7 12. h5 g5 13. Bd3 f5 14. Nf3 f6 15. Nxg5 fxg5 16. Qxe6+ Kh8 17. Bxf5 Nf6 18.
g4 Qa5 19. a3 Rae8 20. Qb3 Nd5 21. Qxb7 Re7 22. Qxc6 Rc7 23. Qd6 Re8 24. Rhe1 1-0

[Event "Late-Titled-Tuesday-Blitz-November-28-2023"]
[Site "Chess.com"]
[Date "2023.11.28"]
[Round "8"]
[White "e4evr"]
[Black "GlavkonVVS"]
[Result "0-1"]
[WhiteElo "2141"]
[BlackElo "2505"]
[TimeControl "180+1"]
[EndTime "15:23:49 PST"]
[Termination "GlavkonVVS won by checkmate"]

1. e4 c5 2. Nf3 d6 3. d4 cxd4 4.
Nxd4 Nf6 5. Nc3 a6 6. a4 e5 7. Nf3 Be6 8. Bg5 Be7 9. Be2 Nbd7 10. O-O Rc8 11. a5 O-O 12. Bxf6 Nxf6 13. Ng5 Bd7 14. Bf3 h6 15. Nh3 Bxh3 16. gxh3 Qd7 17. Bg4 Nxg4 18.
hxg4 Rc4 19. Nd5 Rxe4 20. f3 Rd4 21. Nxe7+ Qxe7 22. Qe2 Rc8 23. c3 Rf4 24. Rad1 Rc6 25. Rd5 Qf6 26. Kg2 h5 27. h3 Qe6 28. Rfd1 e4 29. fxe4 Rxe4 30. Qf3 hxg4 31. hxg4 Rxg4+ 32. Kf2 Rg6 33. Rf5 Rc5 34. Rxc5 dxc5 35. Rd8+ Kh7 36.
Qh5+ Rh6 37. Qd5 Rf6+ 38. Kg3 Qe3+ 39. Kg2 Rf2+ 40. Kh1 Qe1# 0-1